 Dungeon Crawl Stone Soup version 0.28-a0-1412-gf95308ed99 (webtiles) character file.

Game seed: 12619312606466789162

2503 brmiller01 the Chopper (level 9, -4/57 HPs)
             Began as a Gargoyle Fighter on Jan 6, 2022.
             Was a Believer of Okawaru.
             Slain by Joseph (10 damage)
             ... on level 8 of the Dungeon.
             The game lasted 00:17:01 (7159 turns).

brmiller01 the Chopper (Gargoyle Fighter)           Turns: 7159, Time: 00:17:01

Health: -4/57      AC: 20    Str: 24    XL:     9   Next: 53%
Magic:  9/9        EV: 11    Int:  9    God:    Okawaru [**....]
Gold:   366        SH:  0    Dex:  9    Spells: 8/8 levels left

rFire   . . .      SeeInvis .   c - +3 battleaxe (freeze)
rCold   . . .      Faith    .   (shield currently unavailable)
rNeg    + . .      Spirit   .   i - +0 plate armour
rPois   ∞          Reflect  .   (no helmet)
rElec   +          Harm     .   (no cloak)
rCorr   .          Rampage  .   (no gloves)
Will    .....                   e - +0 pair of boots
Stlth   ..........              (no amulet)
HPRegen 0.19/turn               h - +4 ring of slaying
MPRegen 0.11/turn               v - +4 ring of evasion

@: confused, ambrosia-drunk
A: sickness immunity, AC +6, negative energy resistance 1, electricity
resistance, torment resistance 1, petrification resistance
a: Renounce Religion, Heroism


You were on level 8 of the Dungeon.
You worshipped Okawaru.
Okawaru was pleased with you.
You visited 2 branches of the dungeon, and saw 9 of its levels.

You collected 366 gold pieces.

Inventory:

Hand Weapons
 c - a +3 battleaxe of freezing (weapon)
Missiles
 p - a throwing net (quivered)
Armour
 e - a +0 pair of boots (worn)
 i - a +0 plate armour (worn)
Jewellery
 h - a +4 ring of slaying (left hand)
 s - a ring of see invisible
 v - a +4 ring of evasion (right hand)
Wands
 k - a wand of iceblast (4)
 t - a wand of flame (5)
Scrolls
 b - a scroll of blinking
 d - a scroll of amnesia
 f - a scroll of magic mapping
 j - a scroll of immolation
 o - a scroll of teleportation
Potions
 a - a potion of heal wounds {unknown}
 g - 3 potions of curing
 n - a potion of ambrosia
 q - a potion of resistance {unknown}
 r - a potion of degeneration {unknown}


   Skills:
 + Level 7.0 Fighting
 * Level 7.5 Axes
 + Level 6.9 Armour
 + Level 7.0 Shields


You had 8 spell levels left.
You didn't know any spells.
Your spell library contained the following spells:

 Spells                   Type           Power      Damage    Failure   Level
 Sandblast                Erth           0%         2d4       99%         1
 Corpse Rot               Necr/Air       0%         N/A       100%        2
 Passwall                 Tmut/Erth      0%         N/A       100%        2
 Poisonous Vapours        Pois/Air       0%         N/A       100%        2
 Stone Arrow              Conj/Erth      0%         3d7       100%        3
 Summon Small Mammal      Summ           Unusable   N/A       N/A         1
 Call Canine Familiar     Summ           Unusable   N/A       N/A         3
 Summon Guardian Golem    Hex/Summ       Unusable   N/A       N/A         3

Dungeon Overview and Level Annotations

Branches:
Dungeon (8/15)             Temple (1/1) D:5            Lair (0/6) D:8

Altars:
Ashenzari
Cheibriados
Dithmenos
Elyvilon
Gozag
Hepliaklqana
Kikubaaqudgha
Nemelex Xobeh
Okawaru
Ru
Sif Muna
Trog
Uskayaw
Vehumet
Wu Jian
Yredelemnul
Zin

Annotations:
D:8 Joseph


Innate Abilities, Weirdness & Mutations

You are immune to sickness and miasma.
Your stone body is resilient. (AC +6)
You are immune to poison.
You resist negative energy. (rN+)
You are resistant to electric shocks. (rElec)
You are resistant to unholy torment.
You are immune to petrification.


Message History

Your +3 battleaxe of freezing glows with a cold blue light!
c - a +3 battleaxe of freezing (weapon)
Setting a skill training target for Axes at 20.0.
There is a stone staircase leading down here.
You climb downwards.
You hear the hiss of flowing sand.
There is an entrance to an ossuary on this level.
Hurry and find it before the portal is buried!
There is a stone staircase leading up here.
Found a staircase to the Lair.
Joseph, a Mercenary comes into view.
He is wielding a +0 quarterstaff.
Joseph shouts!
Joseph unwields a +0 quarterstaff.
Joseph wields a +1 hunting sling of freezing.
It is covered in frost.
Joseph shoots a sling bullet.
The sling bullet hits you. The sling bullet freezes you.
Found a dagger.
Joseph grins evilly.
Joseph shoots a sling bullet.
The sling bullet hits you. The sling bullet freezes you.
Joseph shoots a sling bullet.
The sling bullet hits you. The sling bullet freezes you.
Joseph shoots a sling bullet.
The sling bullet hits you!! The sling bullet freezes you!
* * * LOW HITPOINT WARNING * * *
You are confused.
You feel invigorated.
Joseph shoots a sling bullet.
The sling bullet hits you.
* * * LOW HITPOINT WARNING * * *
The sling bullet freezes you.
* * * LOW HITPOINT WARNING * * *
Joseph shoots a sling bullet.
The sling bullet hits you!
* * * LOW HITPOINT WARNING * * *
The sling bullet freezes you.
* * * LOW HITPOINT WARNING * * *
Joseph unwields a +1 hunting sling of freezing.
Joseph wields a +0 quarterstaff.
Joseph hits you with a +0 quarterstaff.
* * * LOW HITPOINT WARNING * * *
You closely miss Joseph. Joseph hits you with a +0 quarterstaff!
* * * LOW HITPOINT WARNING * * *
Joseph hits you with a +0 quarterstaff!
You die...

. ..≈...#. #.
#...#..#
#)##..P##.#
#..P......#
#≈.PP>P..≈#
#....P.P..#
#.##PPP##.#
#..#...#..##
#@@.≈...#.#
#....###....#
#...........#
##########.##
#####.####.#
#...<......#
#.###.......#
#.###...# #.#
..#


You could see Joseph.

Vanquished Creatures
  A cyclops (D:7)
  Maggie (D:7)
  Eustachio (D:4)
  2 water moccasins (D:7)
  2 black bears
  An ice beast (D:3)
  An orc warrior (D:6)
  A sky beast (D:7)
  A bullfrog (D:7)
  2 scorpions
  A wyvern skeleton (D:5)
  A water moccasin zombie (D:5)
  3 wights (D:7)
  2 orc priests
  A centaur zombie (D:7)
  3 jellies
  A hound (D:6)
  A bullfrog skeleton (D:6)
  A centaur skeleton (D:6)
  An iguana (D:7)
  4 orc wizards
  3 gnolls (D:4)
  A howler monkey skeleton (D:4)
  7 adders
  2 ufetubi
  An adder skeleton (D:4)
  5 dart slugs
  22 orcs
  9 endoplasms
  3 giant cockroaches
  11 goblins
  10 hobgoblins
  3 jackals (D:1)
  5 kobolds
  3 quokkas
  6 ball pythons
  5 bats (D:1)
  3 frilled lizards
  7 rats
138 creatures vanquished.

Notes
Turn   | Place    | Note
-------+----------+-------------------------------------------
     0 | D:1      | brmiller01 the Gargoyle Fighter began the quest for the
                  | Orb.
     0 | D:1      | Reached XP level 1. HP: 14/14 MP: 1/1
   102 | D:1      | Reached XP level 2. HP: 9/19 MP: 2/2
   849 | D:1      | Reached XP level 3. HP: 23/23 MP: 3/3
   921 | D:1      | Found a faded altar of an unknown god.
  2097 | D:2      | Identified the +7 hand axe of Youthful Indiscretion {speed,
                  | rElec Dex+2 SInv}
  2133 | D:2      | Reached XP level 4. HP: 26/29 MP: 4/4
  2437 | D:3      | Noticed an ice beast
  2453 | D:3      | Killed an ice beast
  2454 | D:3      | Reached XP level 5. HP: 26/33 MP: 5/5
  2702 | D:3      | Reached XP level 6. HP: 15/38 MP: 6/6
  3437 | D:4      | Found a radiant altar of Vehumet.
  3531 | D:4      | Noticed Eustachio
  3541 | D:4      | Killed Eustachio
  3542 | D:4      | Reached XP level 7. HP: 44/44 MP: 7/7
  3701 | D:5      | Entered Level 5 of the Dungeon
  3793 | D:5      | Reached skill level 5 in Shields
  3987 | D:5      | Found a staircase to the Ecumenical Temple.
  4000 | D:5      | Reached skill level 5 in Fighting
  4000 | D:5      | Reached skill level 5 in Armour
  4006 | Temple   | Entered the Ecumenical Temple
  4245 | Temple   | Became a worshipper of Warmaster Okawaru
  4371 | D:5      | Identified the +1 ring mail of the Butterfly {rC+ Str+4}
  4677 | D:5      | Reached skill level 5 in Axes
  4792 | D:6      | Reached XP level 8. HP: 15/50 MP: 8/8
  5509 | D:6      | Reached * piety under Okawaru
  6316 | D:7      | Reached XP level 9. HP: 45/56 MP: 9/9
  6477 | D:7      | Noticed a cyclops
  6489 | D:7      | Killed a cyclops
  6489 | D:7      | Reached ** piety under Okawaru
  6757 | D:7      | Noticed Maggie
  6773 | D:7      | Killed Maggie
  7146 | D:8      | Found a staircase to the Lair.
  7151 | D:8      | Noticed Joseph
  7159 | D:8      | Slain by Joseph

Illustrated notes

Levels and vault maps discovered:
D:1:      amcnicky_arrival_abandoned_market, layout_basic,
          hellmonk_ecumenical_altar_pennies_from_heaven
D:2:      layout_basic
D:3:      layout_rooms
D:4:      kennysheep_the_goblin_king, layout_rooms, kennysheep_flooded_box,
          minmay_misc_feat_cross, minmay_ruined_shrine, uniq_eustachio
D:5:      layout_basic, minmay_temple_entry_proselytizer
D:6:      layout_basic
D:7:      layout_basic, minmay_misc_feat_encased, uniq_maggie
D:8:      layout_loops_corners, fedhas_ov_isle_minmay, dpeg_oklobed_lair,
          chequers_ossuary_entry_cave, nicolae_two_hexagons, uniq_psyche,
          uniq_harold, uniq_joseph
Temple:   eino_narrow_crystal_temple

Skill      XL: |  1  2  3  4  5  6  7  8  9 |
---------------+----------------------------+-----
Axes           | 2 3 4 5 6 7 |  7.5
Fighting       | 4 5 6 7 |  7.0
Armour         | 4 5 6 |  6.9
Shields        | 4 5 6 7 |  7.0

Action                   |  1- 3 |  4- 6 |  7- 9 || total
-------------------------+-------+-------+-------++-------
Melee: War axe           |    93 |       |       ||    93
       Hand axe          |     4 |   101 |   179 ||   284
       Battleaxe         |       |       |     1 ||     1
Invok: Heroism           |       |       |     1 ||     1
  Use: Potion            |       |     1 |     2 ||     3
       Scroll            |       |       |     9 ||     9
Armor: Scale mail        |    41 |       |       ||    41
       Plate armour      |     9 |    49 |    88 ||   146
Dodge: Dodged            |    49 |    23 |    39 ||   111
Block: Buckler           |    21 |    16 |    27 ||    64

Table legend: (Time is in decaauts)
 A = Elapsed time spent in this place.
 B = Non-inter-level travel time spent in this place.
 C = Inter-level travel time spent in this place.
 D = Time resting spent in this place.
 E = Time spent auto-exploring this place.
 F = Levels seen in this place.
 G = Mean time per level.
                   A        B        C        D        E       F      G
               +--------+--------+--------+--------+--------+-----+--------+
         Total |   7121 |   6868 |    253 |   1156 |   4812 |   9 |  791.2 |
       Dungeon |   6867 |   6639 |    228 |   1156 |   4593 |   8 |  858.4 |
        Temple |    254 |    229 |     25 |      0 |    219 |   1 |  254.0 |
               +--------+--------+--------+--------+--------+-----+--------+

Top non-repeatable levels by time:
     D:1: 1514 daAuts
     D:7: 1406 daAuts
     D:6: 922 daAuts
     D:5: 805 daAuts
     D:4: 756 daAuts
     D:2: 746 daAuts
     D:3: 698 daAuts
  Temple: 254 daAuts
     D:8: 15 daAuts
